 Seeded DCSS version 0.31-a0-557-g6e16503903 (webtiles) character file.

Game seed: 16161720884980326079 (custom seed)

16641 innerfire43 the Grappler (level 12, -7/92 HPs)
             Began as a Gnoll Shapeshifter on Aug 16, 2023.
             Was the Champion of Jiyva.
             Mangled by a two-headed ogre
             ... wielding a +0 giant spiked club
              (24 damage)
             ... on level 12 of the Dungeon.
             The game lasted 00:17:43 (9099 turns).

innerfire43 the Grappler (Gnoll Shapeshifter)       Turns: 9099, Time: 00:17:44

Health: -7/92      AC: 13    Str: 20    XL:     12   Next: 39%
Magic:  23/23      EV: 18    Int:  9    God:    Jiyva [******]
Gold:   178        SH:  0    Dex: 21    Spells: 25/25 levels left

rFire   + +          +
                       - Unarmed
rCold   x . .        (shield currently unavailable)
rNeg    + . .        s - +3 leather armour
rPois   .            m - +2 helmet "Paunutas" {rC- Will++ Dex+4 SInv}
rElec   +            L - +2 cloak {Will+}
rCorr   +            (no gloves)
SInv    +            K - +0 pair of boots
Will    ++++.        p - amulet of faith
Stlth   ++           f - ring of Accord {rElec rN+ Will+ Int-2 Dex+6}
HPRegen 1.95/turn    B - ring of flight
MPRegen 0.68/turn

%: faith
@: flux-form, flying, glowing
A: glow, contaminating, fangs 1, strong nose, distributed training, clever 1,
fire resistance 3, mutation resistance 2, acidic bite, pseudopods 2, engulf
a: Begin Untransformation, Renounce Religion, Oozemancy, Slimify


You were on level 12 of the Dungeon.
You worshipped Jiyva.
Jiyva was exalted by your worship.
You were something dangerously unstable.
You visited 1 branch of the dungeon, and saw 12 of its levels.
You also visited: Ossuary.

You collected 607 gold pieces.
You spent 429 gold pieces at shops.

Inventory:

Hand Weapons
 l - a +4 club
 D - the +1 hand axe "Worm" {speed, *Slow rPois rC+}
   (You found it on level 7 of the Dungeon)

   rC+:       It protects you from cold.
   rPois:     It protects you from poison *Slow: It may slow you when you take
   damage.
 H - a +7 morningstar of venom
 T - a +3 shortbow
Missiles
 S - 6 boomerangs
Armour
 a - a +0 animal skin
 g - a +0 helmet
 m - the +2 helmet "Paunutas" (worn) {rC- Will++ Dex+4 SInv}
   (You found it on level 2 of the Dungeon)

   Dex+4:     It affects your dexterity (+4).
   rC-:       It makes you vulnerable to cold.
   Will++:    It greatly increases your willpower.
   SInv:      It lets you see invisible.
 o - a +1 cloak
 s - a +3 leather armour (worn)
 K - a +0 pair of boots (worn)
 L - a +2 cloak of willpower (worn)
 M - a +2 cloak of stealth
 N - a +2 robe of cold resistance
Jewellery
 f - the ring of Accord (left hand) {rElec rN+ Will+ Int-2 Dex+6}
   (You acquired it on level 6 of the Dungeon)

   [ring of dexterity]

   Int-2:     It affects your intelligence (-2).
   Dex+6:     It affects your dexterity (+6).
   rElec:     It insulates you from electricity.
   rN+:       It protects you from negative energy.
   Will+:     It increases your willpower.
 n - an amulet of guardian spirit
 p - an amulet of faith (around neck)
 B - a ring of flight (right hand)
 C - a ring of protection from fire
 P - a ring of ice
Talismans
 c - a beast talisman
 d - a flux talisman (active)
Wands
 G - a wand of paralysis (5)
 O - a wand of flame (20)
 Q - a wand of iceblast (7)
 R - a wand of polymorph (3)
Scrolls
 h - a scroll of silence
 j - a scroll of enchant weapon {unknown}
 k - 2 scrolls of fog {unknown}
 r - 8 scrolls of teleportation {unknown}
 u - a scroll of enchant armour {unknown}
 v - 3 scrolls of revelation {unknown}
 w - 3 scrolls of immolation {unknown}
 y - a scroll of amnesia {unknown}
 E - a scroll of butterflies {unknown}
 F - 2 scrolls of vulnerability {unknown}
 I - a scroll of identify
Potions
 b - a potion of lignification
 i - a potion of haste
 q - a potion of cancellation {unknown}
 t - 2 potions of curing
 x - 3 potions of degeneration {unknown}
 z - a potion of magic
 A - a potion of brilliance
 J - a potion of resistance {unknown}
Miscellaneous
 e - a phial of floods (inert)


   Skills:
 + Level 7.9 Fighting
 + Level 7.4 Short Blades
 + Level 7.4 Long Blades
 + Level 7.4 Axes
 + Level 7.4 Maces & Flails
 + Level 7.4 Polearms
 + Level 7.4 Staves
 + Level 7.4 Ranged Weapons
 + Level 7.4 Throwing
 + Level 7.4 Armour
 + Level 8.8 Dodging
 + Level 7.4 Stealth
 + Level 7.4 Shields
 + Level 9.9 Unarmed Combat
 + Level 7.4 Spellcasting
 + Level 6.1 Conjurations
 + Level 6.1 Hexes
 + Level 6.1 Summonings
 + Level 6.1 Necromancy
 + Level 6.1 Translocations
 + Level 6.1 Transmutations
 + Level 6.1 Fire Magic
 + Level 6.1 Ice Magic
 + Level 6.1 Air Magic
 + Level 6.1 Earth Magic
 + Level 6.1 Poison Magic
 + Level 8.1 Invocations
 + Level 7.4 Evocations
 + Level 9.1 Shapeshifting


You had 25 spell levels left.
You didn't know any spells.
Your spell library contained the following spells:

 Spells                   Type           Power      Damage    Failure   Level
 Lesser Beckoning         Tloc           28%        N/A       2%          2
 Momentum Strike          Conj/Tloc      28%        3d8       2%          2
 Portal Projectile        Hex/Tloc       28%        N/A       5%          3
 Teleport Other           Tloc           14%        N/A       5%          3
 Summon Forest            Summ/Tloc      7%         N/A       43%         5


Dungeon Overview and Level Annotations

Branches:
Dungeon (12/15)            Temple (0/1) D:6            Lair (0/5) D:9
    Orc (0/2) D:11        Ossuary (visited)

Altars:
Cheibriados
Elyvilon
Fedhas
Gozag
Makhleb
Nemelex Xobeh
Okawaru
Qazlal
Ru
Sif Muna
Wu Jian
Xom
Zin
The Shining One
Jiyva

Shops:
D:4 !   D:6 *   D:11 ([

Annotations:
D:12 Nessos


Innate Abilities, Weirdness & Mutations

You are something dangerously unstable.
You glow with magical radiation, making you easy to see and hit.
Foes you strike become dangerously contaminated with magical radiation.
You are incapable of wielding weapons or throwing items.
You have very sharp teeth.
Your uncanny sense of smell can sniff out nearby items.
Your experience applies equally to all skills.
Your mind is acute. (Int +4, Str/Dex -1)
Your flesh is almost immune to the effects of heat. (rF+++)
You are somewhat resistant to both further mutation and mutation removal.
You have acidic saliva.
Armour fits poorly on your large pseudopods.
Your melee attacks may engulf your foes in ooze.


Message History

Nessos is nearby!
Unknown command.
You are too injured to fight recklessly!
Unknown command.
You feel better.
Nessos shoots an arrow.
The arrow hits you!
Nessos casts a spell.
Nessos seems to speed up.
Nessos mumbles some strange words.
Nessos blinks!
A two-headed ogre comes into view.
It is wielding a +0 giant spiked club and a +0 giant club.
Nessos shoots an arrow.
The arrow completely misses you.
Found a fine trident.
Nessos shoots an arrow.
The arrow hits you.
You are poisoned.
Nessos shoots an arrow.
The arrow misses you.
You hit the two-headed ogre.
The two-headed ogre begins to glow.
The two-headed ogre is lightly wounded.
You feel sick.
Nessos shoots an arrow.
The arrow completely misses you. The two-headed ogre barely misses you.
The two-headed ogre hits you but does no damage.
You punch the two-headed ogre!
The two-headed ogre glows dangerously bright.
You bludgeon the two-headed ogre, but do no damage.
The two-headed ogre is moderately wounded.
You feel sick.
Nessos shoots an arrow.
The arrow hits you!!
* * * LOW HITPOINT WARNING * * *
You are more poisoned.
Nessos casts a spell.
Nessos blinks!
You feel better.
Nessos shoots an arrow.
The arrow hits you!!
* * * LOW HITPOINT WARNING * * *
You are poisoned.
The two-headed ogre hits you with a +0 giant spiked club.
* * * LOW HITPOINT WARNING * * *
The two-headed ogre completely misses you.
You feel better.
Nessos shoots an arrow.
The arrow barely misses you.
The arrow hits the two-headed ogre!
The arrow burns the two-headed ogre.
The two-headed ogre looks as sick as possible!
The two-headed ogre completely misses you.
The two-headed ogre hits you with a +0 giant club!!
You die...

##### #######..
##...###.O......
##.#.#.##B#####.
#.#......c......)
##.........####.##
#...............
#.#.#...########
#.##...## #<###.!#
#.# #..# #.# #..#


You could see Nessos (fast) and a two-headed ogre (extremely poisoned, heavy
contam).

Vanquished Creatures
  The ghost of arthad the Geomancer, a journeyman FoEE of Vehumet (D:11)
  Fannar (D:11)
  3 two-headed ogres
  A boulder beetle (D:11)
  A manticore (D:12)
  A deep elf pyromancer (D:10)
  An ugly thing (D:10)
  Maurice (D:11)
  4 molten gargoyles (D:11)
  2 kobold demonologists (D:11)
  A komodo dragon (D:11)
  A troll (D:5)
  2 shadows
  18 yaks
  3 wraiths
  3 steam dragons
  3 acid dragons
  5 orc warriors
  2 ice beasts
  A centaur (D:12)
  2 elf zombies (Ossuary)
  9 kobold brigands
  5 bullfrogs
  A scorpion (D:7)
  10 wights
  10 killer bees
  5 electric eels
  5 howler monkeys
  A lava snake (D:11)
  A crimson imp (D:6)
  A human zombie (Ossuary)
  2 hounds
  7 orc priests
  A gnoll bouda (D:7)
  Crazy Yiuf (D:2)
  Jessica (D:2)
  3 iguanas
  Terence (D:2)
  2 sleepcaps
  9 orc wizards
  4 mummies (Ossuary)
  10 gnolls
  4 adders
  A shadow imp (D:8)
  4 white imps
  2 ufetubi (D:4)
  3 worms
  A dart slug (D:1)
  48 orcs
  An endoplasm (D:1)
  A giant cockroach (D:2)
  17 goblins
  7 hobgoblins
  3 jackals (D:4)
  10 kobolds
  A quokka (D:1)
  3 ball pythons
  A frilled lizard (D:1)
  A gnoll zombie (Ossuary)
  A goblin skeleton (D:6)
  4 goblin zombies
  7 hobgoblin zombies
  A kobold skeleton (D:6)
  2 kobold zombies (D:6)
  An orc zombie (D:6)
  3 rats
  2 rat zombies (Ossuary)
275 creatures vanquished.

Vanquished Creatures (collateral kills)
  A two-headed ogre (D:10)
  A komodo dragon (D:11)
  A yak (D:10)
  4 orcs
7 creatures vanquished.

Vanquished Creatures (others)
  A tengu conjurer (D:10)
  A slime creature (D:10)
  A wraith (D:10)
  An acid dragon (D:11)
  A black bear (D:6)
  A kobold brigand (D:11)
  A gnoll sergeant (D:8)
  A killer bee (D:9)
  An electric eel (D:11)
  10 jellies
  An orc wizard (D:8)
  Robin (D:2)
  An adder (D:2)
  A gnoll (D:7)
  A worm (D:2)
  A dart slug (D:4)
  11 orcs
  A bat (D:3)
  A giant cockroach (D:3)
  3 goblins
  3 hobgoblins (D:2)
  A jackal (D:4)
  A quokka (D:4)
  2 ball pythons
  2 frilled lizards (D:3)
  4 kobolds
54 creatures vanquished.

Grand Total: 336 creatures vanquished

Notes
Turn   | Place    | Note
-------+----------+-------------------------------------------
     0 | D:1      | innerfire43 the Gnoll Shapeshifter began the quest for the
                  | Orb.
     0 | D:1      | Reached XP level 1. HP: 17/17 MP: 1/1
   103 | D:1      | Found a faded altar of an unknown god.
   119 | D:1      | Reached XP level 2. HP: 21/23 MP: 2/2
   136 | D:1      | Prayed at the altar of an unknown god.
   136 | D:1      | Became a worshipper of Jiyva Jaunito the Shapeless
   136 | D:1      | Reached * piety under Jiyva
   195 | D:1      | You fall into a shaft and drop 1 floor!
   271 | D:2      | Reached XP level 3. HP: 23/28 MP: 3/3
   287 | D:2      | Noticed Terence
   294 | D:2      | Killed Terence
   295 | D:2      | Reached skill level 1 in Short Blades
   295 | D:2      | Reached skill level 1 in Long Blades
   295 | D:2      | Reached skill level 1 in Axes
   295 | D:2      | Reached skill level 1 in Maces & Flails
   295 | D:2      | Reached skill level 1 in Polearms
   295 | D:2      | Reached skill level 1 in Staves
   295 | D:2      | Reached skill level 1 in Ranged Weapons
   295 | D:2      | Reached skill level 1 in Throwing
   295 | D:2      | Reached skill level 1 in Armour
   295 | D:2      | Reached skill level 1 in Stealth
   295 | D:2      | Reached skill level 1 in Shields
   295 | D:2      | Reached skill level 1 in Spellcasting
   295 | D:2      | Reached skill level 1 in Invocations
   295 | D:2      | Reached skill level 1 in Evocations
   408 | D:2      | Identified the +2 helmet "Paunutas" {rC- Will++ Dex+4 SInv}
   408 | D:2      | Noticed Robin
   415 | D:2      | Reached XP level 4. HP: 32/34 MP: 5/5
   431 | D:2      | Killed Robin
   572 | D:2      | Found a runed translucent door.
   573 | D:2      | Noticed Crazy Yiuf
   661 | D:2      | Noticed Jessica
   667 | D:2      | Killed Jessica
   668 | D:2      | Reached skill level 1 in Conjurations
   668 | D:2      | Reached skill level 1 in Hexes
   668 | D:2      | Reached skill level 1 in Summonings
   668 | D:2      | Reached skill level 1 in Necromancy
   668 | D:2      | Reached skill level 1 in Translocations
   668 | D:2      | Reached skill level 1 in Transmutations
   668 | D:2      | Reached skill level 1 in Fire Magic
   668 | D:2      | Reached skill level 1 in Ice Magic
   668 | D:2      | Reached skill level 1 in Air Magic
   668 | D:2      | Reached skill level 1 in Earth Magic
   668 | D:2      | Reached skill level 1 in Poison Magic
   769 | D:2      | Killed Crazy Yiuf
   770 | D:2      | Reached XP level 5. HP: 12/40 MP: 5/7
   999 | D:1      | Reached ** piety under Jiyva
  1257 | D:3      | Identified the +5 dagger of the King {flame, Fly rC+++
                  | Str-5 Dex-4}
  1460 | D:3      | Reached *** piety under Jiyva
  1562 | D:3      | Gained mutation: Your flesh is heat resistant. (rF+)
                  | [Jiyva's grace]
  1562 | D:3      | Gained mutation: Your flesh is very heat resistant. (rF++)
                  | [Jiyva's grace]
  1562 | D:3      | Gained mutation: Your flesh is almost immune to the effects
                  | of heat. (rF+++) [Jiyva's grace]
  1562 | D:3      | Gained mutation: You have hidden genetic potential.
                  | [Jiyva's grace]
  1999 | D:4      | Reached XP level 6. HP: 46/47 MP: 8/8
  2168 | D:4      | Found Quem's Distillery.
  2173 | D:4      | Bought a potion of curing for 39 gold pieces
  2173 | D:4      | Bought a potion of curing for 39 gold pieces
  2196 | D:4      | Reached **** piety under Jiyva
  2230 | D:4      | Bought a potion of curing for 39 gold pieces
  2292 | D:4      | Found a sand-covered staircase.
  2381 | Ossuary  | Entered an ossuary
  2414 | Ossuary  | Reached skill level 5 in Dodging
  2416 | Ossuary  | Gained mutation: You have great hidden genetic potential.
                  | [hidden potential]
  2546 | Ossuary  | Reached XP level 7. HP: 52/52 MP: 10/10
  2611 | Ossuary  | Lost mutation: Your flesh is almost immune to the effects
                  | of heat. (rF+++) [potion of mutation]
  2611 | Ossuary  | Lost mutation: You have great hidden genetic potential.
                  | [potion of mutation]
  2611 | Ossuary  | Lost mutation: You have hidden genetic potential. [potion
                  | of mutation]
  2611 | Ossuary  | Gained mutation: Your natural rate of healing is unusually
                  | fast. [potion of mutation]
  2667 | D:4      | Found a shimmering blue altar of Sif Muna.
  2668 | D:4      | Found a burning altar of Makhleb.
  3011 | D:5      | Entered Level 5 of the Dungeon
  3012 | D:5      | Noticed a troll
  3025 | D:5      | Killed a troll
  3157 | D:5      | Reached XP level 8. HP: 60/60 MP: 12/12
  3163 | D:5      | Reached ***** piety under Jiyva
  3242 | D:5      | Found a sparkling altar of Nemelex Xobeh.
  3255 | D:5      | Lost mutation: Your natural rate of healing is unusually
                  | fast. [Jiyva's grace]
  3255 | D:5      | Gained mutation: Your melee attacks may engulf your foes in
                  | ooze. [Jiyva's grace]
  3255 | D:5      | Gained mutation: You have acidic saliva. [Jiyva's grace]
  3255 | D:5      | Gained mutation: Your spells are a little harder to cast,
                  | but a little more powerful. [Jiyva's grace]
  3255 | D:5      | Gained mutation: Your spells are harder to cast, but more
                  | powerful. [Jiyva's grace]
  3510 | D:5      | Got Pyrano's Elucidation of the Singularity
  3816 | D:6      | Found a staircase to the Ecumenical Temple.
  3819 | D:6      | Found a white marble altar of Elyvilon.
  4046 | D:6      | Found Zin's Purification Station.
  4051 | D:6      | Identified a scroll of acquirement
  4052 | D:6      | Acquired the ring of Accord {rElec rN+ Will+ Int-2 Dex+6}
  4056 | D:6      | Found a glowing silver altar of Zin.
  4155 | D:6      | Found a glowing golden altar of the Shining One.
  4244 | D:6      | Found a snail-covered altar of Cheibriados.
  4419 | D:6      | Found an iron altar of Okawaru.
  4420 | D:6      | Reached ****** piety under Jiyva
  4520 | D:7      | Reached XP level 9. HP: 26/66 MP: 14/14
  4603 | D:7      | Found an opulent altar of Gozag.
  4713 | D:7      | Lost mutation: Your flesh is very heat resistant. (rF++)
                  | [Jiyva's grace]
  4713 | D:7      | Lost mutation: Your spells are harder to cast, but more
                  | powerful. [Jiyva's grace]
  4713 | D:7      | Lost mutation: You have acidic saliva. [Jiyva's grace]
  4713 | D:7      | Gained mutation: Your mind is acute. (Int +4, Str/Dex -1)
                  | [Jiyva's grace]
  4713 | D:7      | Gained mutation: Your mind is very acute. (Int +8, Str/Dex
                  | -2) [Jiyva's grace]
  4713 | D:7      | Gained mutation: You have a pair of small antennae on your
                  | head. [Jiyva's grace]
  4713 | D:7      | Gained mutation: You have a pair of antennae on your head.
                  | [Jiyva's grace]
  4823 | D:7      | Reached skill level 5 in Fighting
  4887 | D:7      | Found a sacrificial altar of Ru.
  4890 | D:7      | Found a shimmering altar of Xom.
  4892 | D:7      | Found a shimmering altar of Xom.
  4892 | D:7      | Found a shimmering altar of Xom.
  4893 | D:7      | Found a shimmering altar of Xom.
  4974 | D:7      | Found a shimmering altar of Xom.
  5010 | D:7      | Noticed a yaktaur
  5014 | D:7      | a yaktaur changed into a swamp dragon
  5014 | D:7      | Noticed a swamp dragon (shapeshifter)
  5016 | D:7      | a swamp dragon changed into a wind drake
  5016 | D:7      | Noticed a wind drake (shapeshifter)
  5025 | D:7      | Identified the +1 hand axe "Worm" {speed, *Slow rPois rC+}
  5213 | D:7      | Noticed a glowing orange brain
  5250 | D:7      | Noticed an elephant
  5414 | D:8      | Reached skill level 5 in Invocations
  5636 | D:8      | Reached XP level 10. HP: 50/75 MP: 17/17
  5810 | D:9      | Reached skill level 5 in Short Blades
  5810 | D:9      | Reached skill level 5 in Long Blades
  5810 | D:9      | Reached skill level 5 in Axes
  5810 | D:9      | Reached skill level 5 in Maces & Flails
  5810 | D:9      | Reached skill level 5 in Polearms
  5810 | D:9      | Reached skill level 5 in Staves
  5810 | D:9      | Reached skill level 5 in Ranged Weapons
  5810 | D:9      | Reached skill level 5 in Throwing
  5810 | D:9      | Reached skill level 5 in Armour
  5810 | D:9      | Reached skill level 5 in Stealth
  5810 | D:9      | Reached skill level 5 in Shields
  5810 | D:9      | Reached skill level 5 in Spellcasting
  5810 | D:9      | Reached skill level 5 in Evocations
  5933 | D:9      | Lost mutation: You have a pair of antennae on your head.
                  | [Jiyva's grace]
  5933 | D:9      | Lost mutation: You have a pair of small antennae on your
                  | head. [Jiyva's grace]
  5933 | D:9      | Lost mutation: Your spells are a little harder to cast, but
                  | a little more powerful. [Jiyva's grace]
  5933 | D:9      | Gained mutation: Armour fits poorly on your pseudopods.
                  | [Jiyva's grace]
  5933 | D:9      | Gained mutation: Armour fits poorly on your large
                  | pseudopods. [Jiyva's grace]
  5933 | D:9      | Gained mutation: Armour fits poorly on your massive
                  | pseudopods. [Jiyva's grace]
  5933 | D:9      | Gained mutation: You have acidic saliva. [Jiyva's grace]
  6116 | D:9      | Found a staircase to the Lair.
  6515 | D:10     | Entered Level 10 of the Dungeon
  6515 | D:10     | Noticed a two-headed ogre
  6520 | D:10     | Killed a two-headed ogre
  6661 | D:10     | Found a stormy altar of Qazlal.
  6665 | D:10     | Found a blossoming altar of Fedhas.
  6825 | D:10     | Reached XP level 11. HP: 60/83 MP: 19/19
  6915 | D:10     | Found an ornate altar of the Wu Jian Council.
  6969 | D:10     | Noticed a two-headed ogre
  6977 | D:10     | Noticed a deep elf pyromancer
  6979 | D:10     | Killed a two-headed ogre
  6980 | D:10     | Reached skill level 5 in Conjurations
  6980 | D:10     | Reached skill level 5 in Hexes
  6980 | D:10     | Reached skill level 5 in Summonings
  6980 | D:10     | Reached skill level 5 in Necromancy
  6980 | D:10     | Reached skill level 5 in Translocations
  6980 | D:10     | Reached skill level 5 in Transmutations
  6980 | D:10     | Reached skill level 5 in Fire Magic
  6980 | D:10     | Reached skill level 5 in Ice Magic
  6980 | D:10     | Reached skill level 5 in Air Magic
  6980 | D:10     | Reached skill level 5 in Earth Magic
  6980 | D:10     | Reached skill level 5 in Poison Magic
  6986 | D:10     | Killed a deep elf pyromancer
  7055 | D:10     | Lost mutation: Your mind is very acute. (Int +8, Str/Dex
                  | -2) [Jiyva's grace]
  7055 | D:10     | Lost mutation: Armour fits poorly on your massive
                  | pseudopods. [Jiyva's grace]
  7055 | D:10     | Gained mutation: Your flesh is very heat resistant. (rF++)
                  | [Jiyva's grace]
  7055 | D:10     | Gained mutation: Your flesh is almost immune to the effects
                  | of heat. (rF+++) [Jiyva's grace]
  7055 | D:10     | Gained mutation: You are somewhat resistant to further
                  | mutation. [Jiyva's grace]
  7055 | D:10     | Gained mutation: You are somewhat resistant to both further
                  | mutation and mutation removal. [Jiyva's grace]
  7059 | D:10     | Noticed a two-headed ogre
  7070 | D:10     | Killed a two-headed ogre
  7070 | D:10     | Noticed a formless jellyfish
  7095 | D:10     | a formless jellyfish changed into an iron troll
  7095 | D:10     | Noticed an iron troll (shapeshifter)
  7295 | D:10     | Noticed a cyan ugly thing
  7309 | D:10     | Killed a brown ugly thing
  7403 | D:10     | Noticed a fenstrider witch
  7796 | D:10     | Noticed an orb spider
  7808 | D:10     | Noticed a glowing orange brain
  7907 | D:11     | Noticed a two-headed ogre
  7914 | D:11     | Killed a two-headed ogre
  8215 | D:11     | Found Ceaxiot's Weapon Emporium.
  8215 | D:11     | Noticed a boulder beetle
  8216 | D:11     | Found a staircase to the Orcish Mines.
  8219 | D:11     | Found Ynij's Armour Emporium.
  8258 | D:11     | Killed a boulder beetle
  8290 | D:11     | Bought a +0 pair of boots for 54 gold pieces
  8290 | D:11     | Bought a +2 cloak of willpower for 258 gold pieces
  8400 | D:11     | Noticed Fannar
  8412 | D:11     | Killed Fannar
  8487 | D:11     | Reached XP level 12. HP: 65/91 MP: 22/22
  8523 | D:11     | Noticed Maurice
  8539 | D:11     | Killed Maurice
  8711 | D:11     | Found a runed translucent gate.
  8712 | D:11     | Found a runed translucent gate.
  8713 | D:11     | Found a runed translucent gate.
  8713 | D:11     | Noticed arthad's ghost (journeyman FoEE)
  8905 | D:11     | Killed arthad's ghost
  9085 | D:12     | Noticed Nessos
  9094 | D:12     | Noticed a two-headed ogre
  9099 | D:12     | Mangled by a two-headed ogre

Illustrated notes

Levels and vault maps discovered:
D:1:      nzn_arrival_settlement, layout_rooms,
          shapermc_ecumenical_altar_starsandcircs
D:2:      layout_basic, feat_on_display, uniq_jessica, uniq_robin,
          uniq_crazy_yiuf_cottage, uniq_terence
D:3:      layout_rooms, interstate_on_off, guppyfry_early_orc_mine
D:4:      layout_cave_pods, gammafunk_temple_overflow_wave, enter_ossuary_1,
          serial_shops, kennysheep_little_box
D:5:      layout_loops_ring, amcnicky_altar_gilded
D:6:      layout_basic, cheibrodos_worm_habitat, zin_purify,
          nicolae_tso_besieged_by_evil, elyvilon_altar_4,
          kennysheep_okawaru_gauntlet, minmay_temple_entry_mini_moons,
          nicolae_letterblocks [nicolae_letter_subblock,
          nicolae_letter_subblock, nicolae_letter_subblock,
          nicolae_letter_subblock, nicolae_letter_subblock,
          nicolae_letter_subblock, nicolae_letter_subblock,
          nicolae_letter_subblock, nicolae_letter_subblock,
          nicolae_letter_subblock, nicolae_letter_subblock,
          nicolae_letter_subblock, nicolae_letter_subblock,
          nicolae_letter_subblock, nicolae_letter_subblock,
          nicolae_letter_subblock, nicolae_letter_subblock,
          nicolae_letter_subblock, nicolae_letter_subblock,
          nicolae_letter_subblock, nicolae_letter_subblock,
          nicolae_letter_subblock, nicolae_letter_subblock,
          nicolae_letter_subblock, nicolae_letter_subblock]
D:7:      layout_gridville, lemuel_tele_altar, mainiacjoe_overflow_24_doors,
          xom_shifter_show, abandoned_shop
D:8:      layout_cave_pools
D:9:      layout_irregular_city, lair_entry_dummy
D:10:     layout_loops_corners, grunt_temple_overflow_forces_of_nature,
          kennysheep_mini_moat, roderic_lattice_a, kennysheep_small_spiral,
          st_stairs_13, kennysheep_cross_room, nicolae_doodle_vault
D:11:     nicolae_moon_pools, layout_stronghold, orc_david_3,
          gammafunk_ghost_nasty_kobolds, minivault_8, uniq_maurice, uniq_fannar
D:12:     layout_loops_ring, bloody_trog, uniq_snorg, uniq_nessos, uniq_azrael

Skill      XL: |  1  2  3  4  5  6  7  8  9 10 11 12 |
---------------+-------------------------------------+-----
Short Blades   | 1 2 3 4 5 6 7 |  7.4
Long Blades    | 1 2 3 4 5 6 7 |  7.4
Axes           | 1 2 3 4 5 6 7 |  7.4
Maces & Flails | 1 2 3 4 5 6 7 |  7.4
Polearms       | 1 2 3 4 5 6 7 |  7.4
Staves         | 1 2 3 4 5 6 7 |  7.4
Ranged Weapons | 1 2 3 4 5 6 7 |  7.4
Throwing       | 1 2 3 4 5 6 7 |  7.4
Armour         | 1 2 3 4 5 6 7 |  7.4
Stealth        | 1 2 3 4 5 6 7 |  7.4
Shields        | 1 2 3 4 5 6 7 |  7.4
Spellcasting   | 1 2 3 4 5 6 7 |  7.4
Invocations    | 1 2 3 4 5 6 7 8 |  8.1
Evocations     | 1 2 3 4 5 6 7 |  7.4
Conjurations   | 1 2 3 4 5 6 |  6.1
Hexes          | 1 2 3 4 5 6 |  6.1
Summonings     | 1 2 3 4 5 6 |  6.1
Necromancy     | 1 2 3 4 5 6 |  6.1
Translocations | 1 2 3 4 5 6 |  6.1
Transmutations | 1 2 3 4 5 6 |  6.1
Fire Magic     | 1 2 3 4 5 6 |  6.1
Ice Magic      | 1 2 3 4 5 6 |  6.1
Air Magic      | 1 2 3 4 5 6 |  6.1
Earth Magic    | 1 2 3 4 5 6 |  6.1
Poison Magic   | 1 2 3 4 5 6 |  6.1
Fighting       | 3 4 5 6 7 |  7.9
Dodging        | 5 6 7 8 |  8.8
Unarmed Combat | 7 8 9 |  9.9
Shapeshifting  | 7 8 9 |  9.1

Action                     |  1- 3 |  4- 6 |  7- 9 | 10-12 || total
---------------------------+-------+-------+-------+-------++-------
  Melee: Unarmed           |    47 |   215 |   335 |   402 ||   999
         Bite              |     4 |    25 |    46 |    62 ||   137
         Pseudopods        |       |       |       |   116 ||   116
  Evoke: Phial of floods   |       |       |       |     1 ||     1
    Use: Potion            |       |       |     6 |     7 ||    13
         Scroll            |       |       |     3 |     3 ||     6
   Stab: Sleeping          |       |       |     1 |     1 ||     2
         Distracted        |       |       |       |     1 ||     1
 Armour: Animal skin       |     3 |    42 |       |       ||    45
         Leather armour    |       |    87 |    85 |   112 ||   284
  Dodge: Dodged            |    34 |   286 |   253 |   331 ||   904
   Form: Flux              |     1 |       |       |       ||     1

Table legend: (Time is in decaauts)
 A = Elapsed time spent in this place.
 B = Non-inter-level travel time spent in this place.
 C = Inter-level travel time spent in this place.
 D = Time resting spent in this place.
 E = Time spent auto-exploring this place.
 F = Levels seen in this place.
 G = Mean time per level.
                   A        B        C        D        E       F      G
               +--------+--------+--------+--------+--------+-----+--------+
         Total |   8937 |   8024 |    913 |      0 |   6171 |  13 |  687.5 |
       Dungeon |   8695 |   7782 |    913 |      0 |   6077 |  12 |  724.6 |
       Ossuary |    242 |    242 |      0 |      0 |     94 |   1 |  242.0 |
               +--------+--------+--------+--------+--------+-----+--------+

Top non-repeatable levels by time:
    D:10: 1347 daAuts
    D:11: 1143 daAuts
     D:7: 873 daAuts
     D:4: 866 daAuts
     D:2: 772 daAuts
     D:5: 744 daAuts
     D:9: 718 daAuts
     D:6: 712 daAuts
     D:3: 626 daAuts
     D:1: 452 daAuts
     D:8: 413 daAuts
 Ossuary: 242 daAuts
    D:12: 24 daAuts
